 Dungeon Crawl Stone Soup version 0.29.0-11-gd7f09526c8 (webtiles) character file.

Game seed: 18335477400239654761

55 Anamonty the Ruffian (level 3, -1/32 HPs)
             Began as a Naga Transmuter on Sept 2, 2022.
             Slain by a hobgoblin (5 damage)
             ... led by Robin
             ... on level 2 of the Dungeon.
             The game lasted 00:03:58 (2867 turns).

Anamonty the Ruffian (Naga Transmuter)              Turns: 2867, Time: 00:03:59

Health: -1/32      AC:  3    Str: 18    XL:     3   Next: 93%
Magic:  3/6        EV: 10    Int: 19    God:
Gold:   60         SH:  0    Dex: 15    Spells: 0/6 levels left

rFire   x . .      SeeInvis +     - Unarmed
rCold   . . .      Faith    .   (no shield)
rNeg    . . .      Spirit   .   a - +0 robe
rPois   +          Reflect  .   p - +0 helmet "Fabet" {rF- Str+4 Int+6 Dex+4}
rElec   .          Harm     .   (no cloak)
rCorr   .          Rampage  .   (no gloves)
Will    .....                   (no barding)
Stlth   +.........              (no amulet)
HPRegen 0.10/turn               (no ring)
MPRegen 0.10/turn               (no ring)

@: short of breath, very slightly contaminated, very slow
A: AC +1, large, see invisible, deformed body, poison resistance, slowness 2,
spit poison 1, naga tail 1
a: Spit Poison


You were on level 2 of the Dungeon.
You visited 1 branch of the dungeon, and saw 3 of its levels.

You collected 60 gold pieces.

Inventory:

Hand Weapons
 d - a +1 mace of protection
Missiles
 i - 6 poisoned darts (quivered)
Armour
 a - a +0 robe (worn)
 p - the +0 helmet "Fabet" (worn) {rF- Str+4 Int+6 Dex+4}
   (You found it on level 2 of the Dungeon)

   Str:       It affects your strength (+4).
   Int:       It affects your intelligence (+6).
   Dex:       It affects your dexterity (+4).
   rF:        It makes you vulnerable to fire.
Jewellery
 h - a ring of fire
Wands
 r - a wand of flame (3)
Scrolls
 c - 4 scrolls of identify {unknown}
 f - a scroll of magic mapping {unknown}
 j - a scroll of immolation {unknown}
 m - a scroll of vulnerability {unknown}
 o - a scroll of torment {unknown}
Potions
 b - a potion of lignification
 e - a potion of mutation {unknown}
 g - 2 potions of flight {unknown}
 k - a potion of cancellation {unknown}
 l - a potion of curing {unknown}
 n - a potion of resistance {unknown}
 q - a potion of degeneration {unknown}


   Skills:
 * Level 2.1 Fighting
 + Level 1.9 Dodging
 + Level 3.1 Unarmed Combat
 + Level 2.2 Spellcasting
 * Level 2.8 Transmutations


You couldn't memorise any spells.
You knew the following spells:

 Your Spells              Type           Power      Damage    Failure   Level
a - Beastly Appendage     Tmut           24%        N/A       5%          1
b - Wereblood             Tmut           12%        N/A       8%          2
c - Spider Form           Tmut/Pois      7%         N/A       28%         3

Your spell library contained the following spells:

 Spells                   Type           Power      Damage    Failure   Level
 Freeze                   Ice            8%         1d3       17%         1
 Scorch                   Fire           4%         2d5       26%         2
 Frozen Ramparts          Ice            4%         1d1       45%         3
 Ozocubu's Armour         Ice            2%         N/A       45%         3
 Ice Form                 Ice/Tmut       7%         N/A       67%         4
 Flame Wave               Conj/Fire      2%         2d4       86%         4
 Hailstorm                Conj/Ice       2%         3d3       86%         4
 Summon Cactus Giant      Summ           1%         N/A       100%        6
 Ozocubu's Refrigeration  Ice            1%         4d7       100%        7


Dungeon Overview and Level Annotations

Branches:
Dungeon (3/15)

Altars:

Shops:
D:2 =

Annotations:
D:2 1 runed translucent door, Crazy Yiuf
D:3 Robin


Innate Abilities, Weirdness & Mutations

Your serpentine skin is tough. (AC +1)
You have supernaturally acute eyesight. (SInv)
Armour fits poorly on your strangely shaped body.
Your system is resistant to poisons. (rPois)
You cover ground very slowly.
You can spit poison.
You have a snake-like lower body.


Message History

Confirm with . or Enter, or press ? or * to list all spells.
The spell is quite dangerous to miscast (28% risk of failure)!
Continue anyway?
You miscast Spider Form.
You are very lightly contaminated with residual magic.
Multicoloured lights dance before your eyes.
The hobgoblin closely misses you.
The orc priest hits you with a +0 hand axe.
Aiming: Spit Poison (2% risk of failure)
Press: ? - help, Shift-Dir - straight line, f - orc priest
Aim: an orc priest, wielding a +0 hand axe and wearing a +0 leather armour (59% to hit)
The splash of poison hits the orc priest but does no damage.
The orc priest is poisoned.
The hobgoblin closely misses you.
The orc priest looks braver for a moment.
You hit the orc priest.
The orc priest is moderately wounded.
The hobgoblin closely misses you.
The orc priest looks satisfied for a moment.
You hit the orc priest.
The orc priest is severely wounded.
The hobgoblin barely misses you.
The orc priest hits you with a +0 hand axe.
You completely miss the orc priest.
The orc priest is severely wounded.
The hobgoblin misses you.
The orc priest hits you with a +0 hand axe.
You hit the orc priest but do no damage.
The orc priest is almost dead.
The orc priest looks more healthy.
The hobgoblin hits you.
* * * LOW HITPOINT WARNING * * *
The orc priest hits you with a +0 hand axe.
* * * LOW HITPOINT WARNING * * *
You closely miss the orc priest.
The orc priest is almost dead.
The hobgoblin hits you but does no damage.
The orc priest barely misses you.
Unknown command.
You hit the orc priest.
You kill the orc priest!
The hobgoblin hits you.
You die...

#.#...>##### ###......###.
#.#....##..# ####.#..##.
#.#........# #.##.##.
#.#....#..### #.##.###
#.#.........##### ##.##....
#.#.......#.....###.....(..
#.#.....#.#####..#.........
#.#.......g.....)).#.#...#.
##.#.#.###.@)..........#.#..
#....########(..........∩...
#...##....###...#####..#.#..
#...##.)......#.#####)#...#.
#...##....#####.............
#...##......#####...#######.
#.........#...###....######.
#...#.....###...#.##........
#...#.....# ###....###......


You could see a hobgoblin (strong).

Vanquished Creatures
  An orc priest (D:2)
  An adder (D:2)
  2 orcs
  A ball python (D:1)
  3 endoplasms
  2 giant cockroaches
  6 goblins
  6 hobgoblins
  4 jackals (D:2)
  3 quokkas
  2 bats (D:1)
  A frilled lizard (D:2)
  2 kobolds
  4 rats
38 creatures vanquished.

Notes
Turn   | Place    | Note
-------+----------+-------------------------------------------
     0 | D:1      | Anamonty the Naga Transmuter began the quest for the Orb.
     0 | D:1      | Reached XP level 1. HP: 18/18 MP: 3/3
   391 | D:1      | Reached XP level 2. HP: 4/25 MP: 3/5
   690 | D:1      | Learned a level 2 spell: Wereblood
  1437 | D:2      | Reached XP level 3. HP: 25/32 MP: 3/6
  1652 | D:2      | Found Zibbofyas's Jewellery Emporium.
  1876 | D:2      | Identified the +0 helmet "Fabet" {rF- Str+4 Int+6 Dex+4}
  1951 | D:2      | Found a runed translucent door.
  1952 | D:2      | Noticed Crazy Yiuf
  2272 | D:2      | Learned a level 3 spell: Spider Form
  2399 | D:3      | Noticed Robin
  2867 | D:2      | Slain by a hobgoblin

Illustrated notes

Levels and vault maps discovered:
D:1:      dpeg_arrival_simpleton_b, layout_basic
D:2:      layout_rooms, serial_shops, nicolae_shop_advertising_works
          [nicolae_subvault_shop_adworks], uniq_crazy_yiuf_cottage
D:3:      layout_basic, mainiacjoe_overflow_alcove_2,
          gammafunk_ghost_nasty_kobolds, shapermc_ecumenical_altar_totnotflames,
          uniq_robin

Skill      XL: |  1  2  3 |
---------------+----------+-----
Fighting       | 2 |  2.1
Dodging        | |  1.9
Unarmed Combat | |  3.1
Spellcasting   | |  2.2
Transmutations | |  2.8

Action                   || total
-------------------------++-------
Melee: Unarmed           ||    96
       Headbutt          ||     7
       Punch             ||     3
Throw: Dart              ||     5
 Cast: Beastly Appendage ||    17
       Wereblood         ||     1
       Spider Form       ||     1
 Abil: Spit Poison       ||    24
Armor: Robe              ||    18
Dodge: Dodged            ||    51
